 Dungeon Crawl Stone Soup version 0.27.0-1-g7a089689b8 (webtiles) character file.

Game seed: 7457829745405820992

46382 DildoBatman the Geomancer (level 14, 0/103 HPs)
             Began as a Formicid Conjurer on Aug 5, 2021.
             Was a High Priest of Kikubaaqudgha.
             Killed from afar by a fire giant (60 damage)
             ... with a fireball
             ... on level 15 of the Dungeon.
             The game lasted 01:00:13 (14778 turns).

DildoBatman the Geomancer (Formicid Conjurer)      Turns: 14778, Time: 01:00:13

Health: 0/103      AC: 11    Str: 13    XL:     14   Next: 76%
Magic:  20/26      EV: 13    Int: 35    God:    Kikubaaqudgha [*****.]
Gold:   1580       SH: 11    Dex: 13    Spells: 6/29 levels left

rFire    . . .     SeeInvis +   a - +4 dagger "Morg" {pain, Will+ Int+5}
rCold    . . .     Faith    .   i - +0 kite shield
rNeg     . . .     Spirit   .   o - +4 troll leather armour
rPois    .         Reflect  .   (helmet unavailable)
rElec    .         Harm     .   P - +0 cloak
rCorr    .         Rampage  .   (no gloves)
Will     ++...                  R - +0 pair of boots
Stlth    ++........             m - amulet of magic regeneration
HPRegen  1.27/turn              Q - +6 ring of intelligence
MPRegen  0.45/turn              F - +6 ring of intelligence

@: no status effects
A: permanent stasis, dig shafts and tunnels, antennae 3, four strong arms
a: Dig, Shaft Self, Renounce Religion, Receive Corpses, Torment


You were on level 15 of the Dungeon.
You worshipped Kikubaaqudgha.
Kikubaaqudgha was extremely pleased with you.
You visited 3 branches of the dungeon, and saw 18 of its levels.
You also visited: Bailey.

You collected 1841 gold pieces.
You spent 261 gold pieces at shops.

Inventory:

Hand Weapons
 a - the +4 dagger "Morg" (weapon) {pain, Will+ Int+5}
   (You found it in a bailey)

   In the hands of one skilled in necromantic magic, it inflicts extra damage on
   living creatures.
   Int:       It affects your intelligence (+5).
   Will:      It increases your willpower.
 b - the +5 rapier of Reason {venom, rPois rC++ Str+3}
   (You found it on level 13 of the Dungeon)

   It poisons the flesh of those it strikes.
   Str:       It affects your strength (+3).
   rC:        It greatly protects you from cold.
   rPois:     It protects you from poison.
 c - a +0 hunting sling
 d - a +2 scimitar of flaming
Missiles
 f - 253 arrows
 g - 40 sling bullets
 w - 87 bolts
 H - a throwing net (quivered)
Armour
 i - a +0 kite shield (worn)
 o - a +4 troll leather armour (worn)
 P - a +0 cloak (worn)
 R - a +0 pair of boots (worn)
Magical Staves
 M - a staff of death
Jewellery
 m - an amulet of magic regeneration (around neck)
 r - the amulet "Bolawnuz" {Rampage Will+ Regen+}
   (You found it on level 13 of the Dungeon)

   [amulet of regeneration]

   Regen:     It increases your rate of health regeneration.
   Rampage:   It bestows one free step when moving towards enemies.
   Will:      It increases your willpower.
 A - a +4 ring of protection
 F - a +6 ring of intelligence (right hand)
 Q - a +6 ring of intelligence (left hand)
Wands
 y - a wand of acid (13)
 O - a wand of iceblast (9)
Scrolls
 h - 3 scrolls of enchant armour
 k - a scroll of fear {unknown}
 l - 5 scrolls of teleportation {unknown}
 n - a scroll of silence {unknown}
 p - 2 scrolls of holy word
 q - a scroll of blinking {unknown}
 t - 4 scrolls of immolation {unknown}
 z - 8 scrolls of identify
 B - 2 scrolls of acquirement {unknown}
 C - 4 scrolls of magic mapping
 D - 2 scrolls of amnesia {unknown}
 E - 4 scrolls of noise {unknown}
 G - a scroll of enchant weapon {unknown}
 J - a scroll of torment {unknown}
 L - a scroll of vulnerability {unknown}
 X - 4 scrolls of fog {unknown}
Potions
 e - a potion of resistance {unknown}
 j - 8 potions of curing
 s - a potion of brilliance
 u - a potion of ambrosia {unknown}
 v - 3 potions of might
 x - a potion of flight {unknown}
 T - a potion of cancellation
 V - a potion of heal wounds
 W - 2 potions of attraction {unknown}
 Z - a potion of mutation {unknown}


   Skills:
 * Level 7.3 Fighting
 * Level 7.2 Armour
 * Level 5.2 Dodging
 - Level 2.4 Stealth
 - Level 9.0 Shields
 - Level 8.0 Spellcasting
 - Level 6.0 Conjurations
 - Level 12.0 Necromancy
 - Level 6.0 Ice Magic
 - Level 6.0 Air Magic
 - Level 12.0 Earth Magic
 - Level 6.0 Poison Magic


You had 6 spell levels left.
You knew the following spells:

 Your Spells              Type           Power      Damage    Failure   Level
a - Borgnjor's Vile Clut  Necr/Erth      39%        N/A       1%          5
c - Searing Ray           Conj           100%       3d7       1%          2
d - Vampiric Draining     Necr           39%        2d11      1%          3
e - Mephitic Cloud        Conj/Pois/Air  54%        N/A       1%          3
f - Magic Dart            Conj           100%       1d8       1%          1
g - Ozocubu's Armour      Ice            54%        N/A       1%          3
h - Dispel Undead         Necr           78%        3d26      1%          4
z - Sublimation of Blood  Necr           39%        N/A       1%          2

Your spell library contained the following spells:

 Spells                   Type           Power      Damage    Failure   Level
 Animate Skeleton         Necr           100%       N/A       1%          1
 Pain                     Necr           100%       1d9       1%          1
 Corpse Rot               Necr/Air       N/A        N/A       1%          2
 Animate Dead             Necr           39%        N/A       1%          4
 Excruciating Wounds      Necr           39%        N/A       1%          5
 Dazzling Flash           Conj/Hex       70%        N/A       3%          3
 Airstrike                Air            27%        N/A       3%          4
 Ignite Poison            Fire/Tmut/Pois 28%        N/A       4%          3
 Death Channel            Necr           39%        N/A       4%          6
 Bolt of Magma            Conj/Fire/Erth 27%        4d13      9%          5
 Lightning Bolt           Conj/Air       27%        1d43      9%          5
 Fulminant Prism          Conj/Hex       17%        3d11      11%         4
 Iskenderun's Mystic Bla  Conj/Tloc      35%        2d8       11%         4
 Summon Lightning Spire   Summ/Air       35%        N/A       11%         4
 Simulacrum               Ice/Necr       33%        N/A       14%         6
 Metabolic Englaciation   Hex/Ice        17%        N/A       30%         5
 Silence                  Hex/Air        17%        N/A       30%         5
 Passage of Golubria      Tloc           N/A        N/A       36%         4
 Lehudib's Crystal Spear  Conj/Erth      33%        10d9      99%         8


Dungeon Overview and Level Annotations

Branches:
Dungeon (15/15)            Temple (1/1) D:5            Lair (0/6) D:8
    Orc (2/2) D:9             Elf (0/3) Orc:2        Vaults (0/5) D:14
 Depths (0/5) D:15         Bailey (visited)

Altars:
Ashenzari
Cheibriados
Dithmenos
Elyvilon
Fedhas
Gozag
Hepliaklqana
Kikubaaqudgha
Makhleb
Nemelex Xobeh
Okawaru
Qazlal
Ru
Sif Muna
Trog
Uskayaw
Vehumet
Wu Jian
Xom
Yredelemnul
Zin
The Shining One
Beogh

Shops:
D:2 [   D:6 *   Orc:2 ([(*

Portals:
Abyss: D:13

Annotations:
D:13 2 transporters, Liimbo's ghost, journeyman FoWn


Innate Abilities, Weirdness & Mutations

You cannot be hasted, slowed, berserked, paralysed or teleported.
You can dig through walls and to a lower floor.
You have a pair of large antennae on your head. (SInv)
Your four strong arms can wield two-handed weapons with a shield.


Message History

Things that are here:
a +0 giant club; a +0 giant spiked club
f - 253 arrows (gained 9)
t - 4 scrolls labelled IROUTONIUPP (gained 1)
l - 5 scrolls labelled KAPRIN FULAJ (gained 1)
A fire giant comes into view.
It is wielding a +1 great sword of flaming.
The fire giant shouts!
Found a staircase to the Depths.
Casting: Borgnjor's Vile Clutch (mildly dangerous; 1% risk of failure)
Confirm with . or Enter, or press ? or * to list all spells.
Aiming: Borgnjor's Vile Clutch (mildly dangerous; 1% risk of failure)
Press: ? - help, Shift-Dir - straight line, f - fire giant
Aim: a fire giant, wielding a +1 great sword of flaming (100% to hit)
Zombie hands grab the fire giant.
The zombie hands constrict the fire giant.
The fire giant struggles to escape constriction.
The zombie hands constrict the fire giant!
The fire giant struggles to escape constriction.
The zombie hands lose their grip on something.
Found 16 gold pieces.
Casting: Borgnjor's Vile Clutch (mildly dangerous; 1% risk of failure)
Confirm with . or Enter, or press ? or * to list all spells.
Aiming: Borgnjor's Vile Clutch (mildly dangerous; 1% risk of failure)
Press: ? - help, Shift-Dir - straight line, f/p - fire giant
Aim: a fire giant, wielding a +1 great sword of flaming (lightly wounded, 100% to hit)
Zombie hands grab the fire giant.
The zombie hands constrict the fire giant.
The zombie hands constrict the fire giant!
The zombie hands constrict the fire giant.
The zombie hands constrict the fire giant!!
The zombie hands constrict the fire giant!
The fire giant casts a spell at you. The bolt of fire hits you!!!
The zombie hands constrict the fire giant!
The fire giant gestures at you while chanting.
The fireball explodes!
The fireball engulfs you!!!
Ouch! That really hurt!
You die...
Kikubaaqudgha rasps: "You have failed me!
Welcome... death!"

#.# #.##. .#.#
#.# #.### ##..
#.# #.. .# #.#
#.####.#
#.###.##.#.####
#..............
#####......##
##.#....#
#..@....#
#§.§........#
...≈.≈.≈§§§.#
§§§≈≈#≈≈§§..#
.§#≈≈§≈§#§§.#
≈§§≈§§§§§§§.#
.≈≈≈§§C≈§§..#
≈#≈≈.>.≈≈#≈..


You could see a fire giant (clutched).

Vanquished Creatures
  Rupert (D:14)
  2 orc warlords (Orc:2)
  5 vault guards (D:14)
  A hydra (D:13)
  3 ogre magi
  3 boulder beetles
  Erica (D:8)
  4 tengu warriors (D:14)
  10 two-headed ogres
  An orc high priest (Orc:2)
  Urug (Orc:1)
  Pikel (D:8)
  A deep elf pyromancer (D:14)
  4 orc knights
  3 cyclopes
  4 ugly things
  4 orc sorcerers (Orc:2)
  An elephant (D:8)
  2 gargoyles (D:14)
  Psyche (D:8)
  3 unseen horrors
  A komodo dragon (D:12)
  3 meliai (D:14)
  An efreet (D:14)
  4 tengu conjurers
  3 slime creatures (D:12)
  6 trolls
  Sigmund (D:6)
  A vampire (D:12)
  7 yaks
  4 wraiths
  3 wyverns
  The ghost of Gunterle the Sneak, an amateur DjDe (D:4)
  A human (D:14)
  2 basilisks (D:8)
  2 steam dragons (D:8)
  Menkaure (D:6)
  2 wargs (Orc:2)
  2 vampire mosquitoes (D:10)
  Edmund (D:6)
  4 water moccasins
  44 orc warriors
  2 necrophages
  An ice beast (D:7)
  2 hornet zombies
  9 ogres
  3 centaurs
  A lemure (D:8)
  A kobold brigand (D:9)
  2 bullfrogs
  4 killer bees (D:9)
  6 howler monkeys
  A centaur zombie (D:5)
  4 hounds
  19 orc priests
  2 centaur skeletons
  Natasha (thrice) (D:3)
  A gnoll shaman (D:9)
  An iguana (D:6)
  18 orc wizards
  A killer bee zombie (D:7)
  2 howler monkey zombies
  11 gnolls
  6 adders
  A shadow imp (D:7)
  2 white imps (D:8)
  An ufetubus (D:6)
  2 worms
  2 dart slugs
  98 orcs
  6 endoplasms
  3 giant cockroaches (D:1)
  16 goblins
  7 hobgoblins
  9 jackals
  5 quokkas
  7 ball pythons
  9 bats
  5 frilled lizards
  14 kobolds
  2 rats (D:1)
439 creatures vanquished.

Vanquished Creatures (collateral kills)
  A centaur (D:9)
1 creature vanquished.

Vanquished Creatures (others)
  A killer bee (D:9)
  2 fungi (D:8)
3 creatures vanquished.

Grand Total: 443 creatures vanquished

Notes
Turn   | Place    | Note
-------+----------+-------------------------------------------
     0 | D:1      | DildoBatman the Formicid Conjurer began the quest for the
                  | Orb.
     0 | D:1      | Reached XP level 1. HP: 13/13 MP: 3/3
   273 | D:1      | Reached XP level 2. HP: 19/19 MP: 3/5
   276 | D:1      | Learned a level 2 spell: Searing Ray
   721 | D:1      | Reached XP level 3. HP: 24/24 MP: 2/6
   730 | D:1      | Found a faded altar of an unknown god.
  1310 | D:2      | Found Kuewkac's Armour Shoppe.
  1542 | D:2      | Reached XP level 4. HP: 30/30 MP: 4/7
  1676 | D:2      | Reached skill level 5 in Conjurations
  1954 | D:2      | Reached XP level 5. HP: 35/35 MP: 8/8
  2283 | D:3      | Learned a level 3 spell: Mephitic Cloud
  2429 | D:3      | Noticed Natasha
  2903 | D:4      | Noticed a necrophage
  2910 | D:4      | Killed a necrophage
  2911 | D:4      | Reached skill level 1 in Fighting
  2911 | D:4      | Reached skill level 1 in Armour
  2911 | D:4      | Reached XP level 6. HP: 39/44 MP: 3/10
  3130 | D:4      | Found a runed translucent gate.
  3227 | D:4      | Found a runed translucent gate.
  3227 | D:4      | Found a runed translucent gate.
  3230 | D:4      | Noticed Gunterle's ghost (amateur DjDe)
  3319 | D:5      | Entered Level 5 of the Dungeon
  3341 | D:5      | Noticed a yak
  3365 | D:5      | Killed a yak
  3366 | D:5      | Reached XP level 7. HP: 50/50 MP: 3/13
  3475 | D:5      | Noticed a yak
  3506 | D:5      | Found a staircase to the Ecumenical Temple.
  3513 | Temple   | Entered the Ecumenical Temple
  3724 | Temple   | Became a worshipper of Kikubaaqudgha
  3751 | D:5      | Noticed a yak
  3789 | D:3      | Killed Natasha
  3790 | D:3      | Reached skill level 5 in Spellcasting
  3831 | D:3      | Noticed Natasha
  3837 | D:3      | Killed Natasha
  3876 | D:3      | Noticed Natasha
  3882 | D:3      | Killed Natasha
  4142 | D:5      | Found a sparkling altar of Nemelex Xobeh.
  4143 | D:5      | Noticed a yak
  4161 | D:5      | Killed a yak
  4162 | D:5      | Reached XP level 8. HP: 56/56 MP: 6/17
  4234 | D:5      | Killed a yak
  4235 | D:5      | Reached skill level 1 in Poison Magic
  4276 | D:5      | Killed a yak
  4277 | D:5      | Reached skill level 1 in Air Magic
  4437 | D:5      | Found a shimmering altar of Xom.
  4621 | D:6      | Noticed Menkaure
  4624 | D:6      | Killed Menkaure
  4629 | D:6      | Reached XP level 9. HP: 61/61 MP: 11/19
  4640 | D:6      | Noticed Edmund
  4663 | D:6      | Killed Edmund
  4732 | D:6      | Noticed Sigmund
  4740 | D:6      | Killed Sigmund
  4741 | D:6      | Reached skill level 5 in Poison Magic
  4861 | D:6      | Found Ruylesk's Assorted Antiques.
  4875 | D:6      | Bought a scroll labelled NIYFEPN ITIRUIGH for 28 gold
                  | pieces
  4875 | D:6      | Bought a scroll labelled GYSEAHO JAMAX for 28 gold pieces
  4875 | D:6      | Bought a scroll labelled BATAEDEJOU for 28 gold pieces
  4875 | D:6      | Bought a smoky dark potion for 25 gold pieces
  5176 | D:7      | Reached skill level 5 in Air Magic
  5248 | D:7      | Reached skill level 1 in Necromancy
  5897 | D:8      | Noticed Erica
  5912 | D:8      | Killed Erica
  5913 | D:8      | Reached XP level 10. HP: 67/67 MP: 10/20
  6097 | D:8      | Noticed an elephant
  6102 | D:8      | Reached skill level 5 in Necromancy
  6132 | D:8      | Killed an elephant
  6140 | D:8      | Reached * piety under Kikubaaqudgha
  6140 | D:8      | Received a gift from Kikubaaqudgha
  6145 | D:8      | Learned a level 2 spell: Sublimation of Blood
  6149 | D:8      | Learned a level 3 spell: Vampiric Draining
  6154 | D:8      | Learned a level 4 spell: Dispel Undead
  6160 | D:8      | Learned a level 5 spell: Borgnjor's Vile Clutch
  6164 | D:8      | Learned a level 3 spell: Ozocubu's Armour
  6207 | D:8      | Noticed Pikel
  6228 | D:8      | Killed Pikel
  6229 | D:8      | Reached skill level 1 in Ice Magic
  6229 | D:8      | Reached skill level 1 in Earth Magic
  6249 | D:8      | Noticed Psyche
  6261 | D:8      | Killed Psyche
  6271 | D:8      | Found a staircase to the Lair.
  6868 | D:4      | Killed Gunterle's ghost
  7003 | D:9      | Reached XP level 11. HP: 49/75 MP: 22/22
  7085 | D:9      | Noticed a brown ugly thing
  7153 | D:9      | Reached ** piety under Kikubaaqudgha
  7224 | D:9      | Found a staircase to the Orcish Mines.
  7412 | D:9      | Found an opulent altar of Gozag.
  7609 | D:9      | Killed a brown ugly thing
  8088 | D:10     | Entered Level 10 of the Dungeon
  8290 | D:10     | Reached *** piety under Kikubaaqudgha
  8290 | D:10     | Received a gift from Kikubaaqudgha
  8739 | D:11     | Found a flagged portal.
  8749 | D:11     | Noticed a cyclops
  8780 | D:11     | Killed a cyclops
  8832 | D:11     | Noticed a two-headed ogre
  8839 | D:11     | Killed a two-headed ogre
  8840 | D:11     | Reached skill level 5 in Fighting
  8840 | D:11     | Reached skill level 5 in Armour
  8840 | D:11     | Reached skill level 5 in Earth Magic
  8878 | D:11     | Noticed a two-headed ogre
  8887 | D:11     | Killed a two-headed ogre
  8902 | Bailey   | Entered a bailey
  8902 | Bailey   | Noticed an orc knight
  8969 | Bailey   | Noticed an orc knight
  8985 | Bailey   | Killed an orc knight
  8986 | Bailey   | Reached XP level 12. HP: 30/86 MP: 3/24
  9001 | Bailey   | Reached skill level 5 in Ice Magic
  9120 | Bailey   | Found the +4 dagger "Morg" {pain, Will+ Int+5}
 10156 | D:12     | Noticed a boulder beetle
 10201 | D:12     | Noticed a boulder beetle
 10215 | D:12     | Killed a boulder beetle
 10611 | D:12     | Killed a boulder beetle
 10958 | Orc:1    | Entered Level 1 of the Orcish Mines
 11190 | Orc:1    | Noticed Urug
 11191 | Orc:1    | Reached **** piety under Kikubaaqudgha
 11199 | Orc:1    | Killed Urug
 11200 | Orc:1    | Reached skill level 10 in Necromancy
 11339 | Orc:2    | Entered Level 2 of the Orcish Mines
 11386 | Orc:2    | Noticed a two-headed ogre
 11394 | Orc:2    | Killed a two-headed ogre
 11550 | Orc:2    | Noticed an orc warlord
 11560 | Orc:2    | Noticed a soul eater
 11561 | Orc:2    | Reached XP level 13. HP: 61/91 MP: 15/25
 11566 | Orc:2    | Killed an orc warlord
 11567 | Orc:2    | Reached skill level 10 in Earth Magic
 11730 | Orc:2    | Reached ***** piety under Kikubaaqudgha
 11838 | Orc:2    | Found a staircase to the Elven Halls.
 11882 | Orc:2    | Found Afajid's Assorted Antiques.
 11887 | Orc:2    | Bought a scroll labelled IROUTONIUPP for 28 gold pieces
 11887 | Orc:2    | Bought a lumpy pink potion for 25 gold pieces
 12052 | Orc:2    | Noticed an orc warlord
 12142 | Orc:2    | Killed an orc warlord
 12204 | Orc:2    | Found Byilakia's Antique Armour Emporium.
 12206 | Orc:2    | Found Gusigh's Antique Weapon Shoppe.
 12409 | Orc:2    | Found Mulin's Antique Weapon Shop.
 12655 | D:13     | Identified the +5 rapier of Reason {venom, rPois rC++
                  | Str+3}
 12882 | D:13     | Noticed an Executioner
 12937 | D:13     | Found a radiant altar of Vehumet.
 12937 | D:13     | Noticed a four-headed hydra
 12949 | D:13     | Killed a two-headed hydra
 13115 | Orc:2    | Bought a kite shield for 99 gold pieces
 13478 | D:13     | Reached skill level 1 in Shields
 13494 | D:13     | Found a transporter.
 13499 | D:13     | Noticed Liimbo's ghost (journeyman FoWn)
 13504 | D:13     | Found a transporter.
 13575 | D:13     | Identified the amulet "Bolawnuz" {Rampage Will+ Regen+}
 13722 | D:13     | Noticed a great orb of eyes
 13749 | D:13     | Found a one-way gate to the infinite horrors of the Abyss.
 13867 | D:14     | Noticed a boulder beetle
 13872 | D:14     | Noticed Rupert
 13876 | D:14     | Killed a boulder beetle
 13877 | D:14     | Reached skill level 5 in Shields
 13983 | D:14     | Noticed a vault guard
 14099 | D:14     | Reached XP level 14. HP: 98/98 MP: 17/26
 14186 | D:14     | Killed Rupert
 14380 | D:14     | Found a gate to the Vaults.
 14668 | D:15     | Entered Level 15 of the Dungeon
 14690 | D:15     | Reached skill level 5 in Dodging
 14767 | D:15     | Found a staircase to the Depths.
 14767 | D:15     | Noticed a fire giant
 14778 | D:15     | Killed from afar by a fire giant

Illustrated notes

Levels and vault maps discovered:
D:1:      psy_arrival_radial02, layout_loops_ring,
          chequers_ecumenical_altar_simple
D:2:      layout_basic, serial_shops, shop, minmay_tromino_v7
D:3:      layout_rooms, interstate_on_off, uniq_natasha
D:4:      layout_cave_pools, biasface_ghost_orc_armoury,
          hangedman_decor_peaks_small
D:5:      layout_gridville, minmay_temple_entry_nine_rooms,
          hangedman_feature_mirror
D:6:      layout_basic, serial_shops, nicolae_stop_n_shop_1, uniq_edmund,
          uniq_menkaure, uniq_sigmund
D:7:      layout_loops_ring
D:8:      layout_loops_ring, david_lair_generic, minmay_misc_feat_more_columns,
          uniq_psyche, uniq_erica, uniq_pikel
D:9:      layout_roguey, nicolae_gozag_cash_rules_everything_around_me,
          erik_orc_3
D:10:     layout_loops_ring
D:11:     layout_cave_pods, enter_bailey_3
D:12:     layout_cave_pods
D:13:     layout_basic, gammafunk_ghost_abyssal_escape,
          nicolae_vehumet_altar_sigil
D:14:     layout_basic, grunt_vaults_entry_fortified, hangedman_decor_growths,
          uniq_rupert
D:15:     grunt_enter_depths_giant_problem, layout_loops_cross,
          corexii_leaking_fountain, minivault_14
Temple:   regret_index_temple_sigil_plot
Orc:1:    layout_caves, mines2_david, uniq_urug
Orc:2:    grunt_orc_community_town_hall, layout_caves,
          grunt_orc_community_big_house_2, grunt_orc_community_big_house_2,
          grunt_orc_community_house_2, grunt_orc_community_house_1,
          grunt_orc_community_house_3, grunt_orc_community_house_2,
          grunt_orc_community_house_1, grunt_orc_community_house_1

Skill      XL: |  1  2  3  4  5  6  7  8  9 10 11 12 13 14 |
---------------+-------------------------------------------+-----
Conjurations   | 4 5 6 |  6.0
Fighting       | 1 2 3 5 7 |  7.3
Armour         | 1 2 3 5 7 |  7.2
Spellcasting   | 4 6 7 8 |  8.0
Poison Magic   | 4 6 |  6.0
Air Magic      | 3 6 |  6.0
Necromancy     | 4 7 8 10 12 | 12.0
Dodging        | 2 3 5 |  5.2
Ice Magic      | 2 4 6 |  6.0
Earth Magic    | 2 5 9 12 | 12.0
Shields        | 6 9 |  9.0
Stealth        | |  2.4

Action                   |  1- 3 |  4- 6 |  7- 9 | 10-12 | 13-15 || total
-------------------------+-------+-------+-------+-------+-------++-------
Melee: Dagger            |    41 |       |       |    61 |   162 ||   264
       Flail             |       |       |     4 |       |       ||     4
       Scimitar          |       |       |       |    69 |     4 ||    73
 Fire: Hunting sling     |    10 |    69 |    55 |    69 |     6 ||   209
Throw: Dart              |       |       |       |     5 |       ||     5
 Cast: Magic Dart        |    29 |     3 |     6 |       |       ||    38
       Searing Ray       |    11 |    19 |    46 |    19 |       ||    95
       Mephitic Cloud    |       |       |     7 |    31 |    20 ||    58
       Dispel Undead     |       |       |       |     9 |     1 ||    10
       Vampiric Draining |       |       |       |    80 |     5 ||    85
       Borgnjor's Vile C |       |       |       |    68 |   105 ||   173
       Sublimation of Bl |       |       |       |     5 |     2 ||     7
 Abil: Dig               |     1 |    17 |    11 |    33 |    25 ||    87
  Use: Scroll            |       |     2 |       |    15 |       ||    17
       Potion            |       |       |       |     4 |       ||     4
 Stab: Confused          |       |       |       |     5 |     1 ||     6
       Sleeping          |       |       |       |     1 |       ||     1
Armor: Robe              |    14 |     3 |    10 |       |       ||    27
       Steam dragon scal |       |       |       |    40 |       ||    40
       Troll leather arm |       |       |       |    17 |    60 ||    77
Dodge: Dodged            |    38 |    13 |    24 |   131 |    92 ||   298
Block: Kite shield       |       |       |       |       |    16 ||    16
       Rpst.: Scimitar   |       |       |       |    25 |       ||    25
